 Dungeon Crawl Stone Soup version 0.31-a0-200-gbc41564c69 (webtiles) character file.

Game seed: 13868278392334154198

52 qw the Shooter (level 3, 0/20 HPs)
             Began as a Deep Elf Hunter on June 25, 2023.
             Slain by a hobgoblin (5 damage)
             ... led by Robin
             ... on level 2 of the Dungeon.
             The game lasted 00:00:19 (679 turns).

qw the Shooter (Deep Elf Hunter)                     Turns: 679, Time: 00:00:19

Health: 0/20       AC:  4    Str: 10    XL:     3   Next: 60%
Magic:  5/5        EV: 12    Int: 13    God:
Gold:   99         SH:  0    Dex: 18    Spells: 2/2 levels left

rFire   . . .        Y - +0 shortbow
rCold   + . .        (shield currently unavailable)
rNeg    . . .        c - +0 leather armour
rPois   .            i - +0 helmet
rElec   .            (no cloak)
rCorr   .            (no gloves)
SInv    .            (no boots)
Will    .....        (no amulet)
Stlth   ++           d - ring of protection from cold
HPRegen 0.23/turn    (no ring)
MPRegen 0.09/turn

%: no passive effects
@: no status effects
A: no striking features
a: no special abilities


You were on level 2 of the Dungeon.
You visited 1 branch of the dungeon, and saw 2 of its levels.

You collected 99 gold pieces.


   Skills:
 - Level 1.5 Fighting
 + Level 7.1 Ranged Weapons
 - Level 2.4 Dodging
 - Level 1.2 Stealth


You had 2 spell levels left.
You didn't know any spells.
Your spell library was empty.

Inventory:

Hand Weapons
 Y - a +0 shortbow (weapon)
Armour
 b - a +0 pair of gloves
 c - a +0 leather armour (worn)
 h - a +0 cloak
 i - a +0 helmet (worn)
Jewellery
 d - a ring of protection from cold (left hand)
 e - a ring of magical power
Scrolls
 a - 2 scrolls of identify
Potions
 f - a potion of enlightenment {unknown}
 g - a potion of might {unknown}

Dungeon Overview and Level Annotations

Branches:
Dungeon (2/15)

Altars:


Message History

Robin roars a battlecry!
The goblin goes into a battle-frenzy!
The goblin hits you with a +0 dagger.
A hobgoblin comes into view.
You shoot an arrow. The arrow closely misses the goblin.
The hobgoblin no longer looks unusually strong.
The goblin hits you with a +0 dagger.
Robin laughs in a distinctly smug fashion.
You shoot an arrow. The arrow hits the goblin.
You kill the goblin!
The hobgoblin no longer looks unusually strong.
You shoot an arrow. The arrow hits Robin.
Robin is moderately wounded.
Robin roars a battlecry!
The hobgoblins go into a battle-frenzy!
You shoot an arrow.
The arrow hits Robin but does no damage.
Robin is moderately wounded.
Robin hits you with a +0 club.
You shoot an arrow. The arrow hits Robin!
Robin is almost dead.
The hobgoblin no longer looks unusually strong.
Robin closely misses you.
You shoot an arrow. The arrow hits Robin.
Robin is almost dead.
The hobgoblin no longer looks unusually strong.
Robin hits you with a +0 club.
You shoot an arrow. The arrow hits Robin!
You kill Robin!
Your Ranged Weapons skill increases to level 7!
You shoot an arrow. The arrow barely misses the hobgoblin.
The arrow hits the hobgoblin.
You kill the hobgoblin!
The hobgoblin barely misses you.
You shoot an arrow. The arrow hits the hobgoblin.
The hobgoblin is heavily wounded.
You shoot an arrow. The arrow hits the hobgoblin.
The hobgoblin is almost dead.
The hobgoblin hits you.
You die...

... #)# #. #g# #. #.#
#. #)# #. #g# #.
#g#######. ##
###@g.......###.#
#.)..........#.#####
#.##########.......#
#.# #######.......#
#.# #.........%.<..#
#.# #.#####.........
#^#.# #.# #........#
#.#.###.## #........#
#.#.##...####.........


You could see 3 hobgoblins and a goblin (strong).

Vanquished Creatures
  Robin (D:2)
  A gnoll (D:1)
  A dart slug (D:1)
  2 bats (D:1)
  2 endoplasms (D:1)
  3 giant cockroaches (D:1)
  8 goblins
  A hobgoblin (D:2)
  A quokka (D:1)
  6 ball pythons
  A frilled lizard (D:1)
  A kobold (D:1)
  A rat (D:1)
29 creatures vanquished.

Notes
Turn   | Place    | Note
-------+----------+-------------------------------------------
     0 | D:1      | qw the Deep Elf Hunter began the quest for the Orb.
     0 | D:1      | Reached XP level 1. HP: 12/12 MP: 3/3
     0 | D:1      | 0 ||| qw: Version: 0.3-a-22-g0ed2b0b
     0 | D:1      | 0 ||| qw: Game counter: 5610
     0 | D:1      | 0 ||| qw: Melee chars always use a shield: true
     0 | D:1      | 0 ||| qw: God list: Okawaru
     0 | D:1      | 0 ||| qw: Allow faded altars: false
     0 | D:1      | 0 ||| qw: Do Orc after clearing Dungeon:15 true
     0 | D:1      | 0 ||| qw: Do second Lair branch before Depths: true
     0 | D:1      | 0 ||| qw: Lair rune preference: random
     0 | D:1      | 0 ||| qw: Goals: Normal
     0 | D:1      | 0 ||| PLANNING D:1-11
    89 | D:1      | Reached skill level 6 in Ranged Weapons
    89 | D:1      | Reached XP level 2. HP: 16/16 MP: 4/4
   325 | D:1      | Reached XP level 3. HP: 20/20 MP: 5/5
   457 | D:1      | 457 ||| UPGRADING to +0 helmet.
   462 | D:1      | 462 ||| UPGRADING to ring of protection from cold.
   463 | D:1      | 463 ||| READING 2 scrolls labelled MUQ TIMYNO.
   464 | D:1      | 464 ||| READING scroll labelled BODOJE YPSA.
   465 | D:1      | 465 ||| READING scroll labelled OXOEKY CIRO.
   466 | D:1      | 466 ||| DROPPING scroll of butterflies.
   658 | D:2      | Noticed Robin
   675 | D:2      | HP: 4/20 [Robin/+0 club (4)]
   676 | D:2      | Killed Robin
   677 | D:2      | Reached skill level 7 in Ranged Weapons
   679 | D:2      | Slain by a hobgoblin

Levels and vault maps discovered:
D:1:      eino_arrival_cavern_e, layout_rooms, minmay_unequal
D:2:      layout_loops_ring, uniq_robin

Skill      XL: |  1  2  3 |
---------------+----------+-----
Ranged Weapons | 6 7 |  7.1
Fighting       | |  1.5
Dodging        | |  2.4
Stealth        | |  1.2

Action                     || total
---------------------------++-------
   Fire: Shortbow          ||    72
    Use: Scroll            ||     3
 Armour: Leather armour    ||     7
  Dodge: Dodged            ||    10

Table legend:
 A = Non-vault XP
 B = Vault XP
 C = Vault XP percentage of total XP
 D = Non-vault monster count
 E = Vault monster count
 F = Vault count percentage of total count
                 A         B        C        D         E       F
            +---------+---------+-------+---------+---------+-------
      Total |      40 |      35 |  46.7 |      16 |      13 |  44.8
            +---------+---------+-------+---------+---------+-------
        D:1 |      34 |       7 |  17.1 |      11 |       5 |  31.2
        D:2 |       6 |      28 |  82.4 |       5 |       8 |  61.5
            +---------+---------+-------+---------+---------+-------
